 Dungeon Crawl Stone Soup version 0.31.0-11-ge490571c62 (webtiles) character file.

Game seed: 4964421204740576065

99 qw the Shooter (level 4, -1/22 HPs)
             Began as a Spriggan Hunter on Feb 3, 2024.
             Slain by a scorpion (3 damage)
             ... on level 4 of the Dungeon.
             The game lasted 00:00:11 (2819 turns).

qw the Shooter (Spriggan Hunter)                    Turns: 2819, Time: 00:00:12

Health: -1/22      AC:  4    Str:  7    XL:     4   Next: 45%
Magic:  5/5        EV: 20    Int: 10    God:
Gold:   69         SH:  0    Dex: 20    Spells: 3/3 levels left

rFire   . . .        a - +0 shortbow
rCold   . . .        (shield currently unavailable)
rNeg    . . .        c - +0 robe
rPois   +            (helmet restricted)
rElec   .            h - +1 cloak
rCorr   .            (gloves unavailable)
SInv    +            (boots unavailable)
Will    .....        (no amulet)
Stlth   ++           b - ring of poison resistance
HPRegen 0.23/turn    (no ring)
MPRegen 0.09/turn

%: no passive effects
@: very quick
A: very small, no large weapons, unfitting armour, see invisible, speed 3
a: no special abilities


You were on level 4 of the Dungeon.
You visited 2 branches of the dungeon, and saw 5 of its levels.

You collected 138 gold pieces.
You spent 69 gold pieces at shops.


Innate Abilities, Weirdness & Mutations

You are very small and have problems with some larger weapons.
You are too small for most types of armour.
You have supernaturally acute eyesight. (SInv)
You cover ground extremely quickly. (Speed+++)


   Skills:
 + Level 1.5 Fighting
 - Level 5.0 Ranged Weapons
 - Level 5.0 Dodging
 - Level 1.5 Stealth


You had 3 spell levels left.
You didn't know any spells.
Your spell library was empty.

Inventory:

Hand Weapons
 a - a +0 shortbow (weapon)
Armour
 c - a +0 robe (worn)
 h - a +1 cloak (worn)
Jewellery
 b - a ring of poison resistance (left hand)
Scrolls
 d - a scroll of brand weapon {unknown}
Potions
 g - a potion of haste {unknown}

Dungeon Overview and Level Annotations

Branches:
Dungeon (4/15)             Temple (1/1) D:4

Altars:
Ashenzari
Dithmenos
Elyvilon
Fedhas
Gozag
Hepliaklqana
Nemelex Xobeh
Ru
Sif Muna
Uskayaw
Wu Jian
The Shining One

Shops:
D:2 [=(?


Message History

You shoot an arrow.
The arrow completely misses the scorpion.
The scorpion stings you. The scorpion misses you.
You shoot an arrow. The arrow barely misses the scorpion.
The scorpion stings you.
You shoot an arrow. The arrow barely misses the scorpion.
The scorpion misses you.
You shoot an arrow. The arrow barely misses the scorpion.
The scorpion misses you. The scorpion barely misses you.
You shoot an arrow. The arrow barely misses the scorpion.
The scorpion stings you.
You are poisoned.
The scorpion poisons you!
You shoot an arrow. The arrow barely misses the scorpion.
You feel very sick. The scorpion closely misses you.
The scorpion completely misses you.
You shoot an arrow. The arrow hits the scorpion!
The scorpion is severely wounded.
You feel sick. The scorpion stings you.
You shoot an arrow. The arrow closely misses the scorpion.
You feel sick. The scorpion misses you.
You shoot an arrow. The arrow closely misses the scorpion.
You feel sick. The scorpion stings you. The scorpion closely misses you.
You shoot an arrow. The arrow closely misses the scorpion.
You feel sick. The scorpion closely misses you.
You shoot an arrow.
The arrow hits the scorpion but does no damage.
The scorpion is severely wounded.
You feel sick. The scorpion closely misses you.
The scorpion completely misses you.
You shoot an arrow.
The arrow hits the scorpion but does no damage.
The scorpion is severely wounded.
You feel sick.
You are no longer poisoned.
The scorpion barely misses you.
You shoot an arrow. The arrow hits the scorpion.
The scorpion is severely wounded.
The scorpion stings you.
You die...

.<.. ##... .... #... #...
..g ..###.####...
####s####.#.....#....
#....@..##...........
#####.......#.............
#...'...>...#.............
#...#.......#.............
#...#.......#.............
##).####'####....).......
#.<# #..# ##...........
##..#####.###.......#....
#.#.....###......###..#####


You could see a scorpion and a goblin.

Vanquished Creatures
  Robin (D:3)
  2 adders
  A ribbon worm (D:2)
  An orc (D:3)
  5 endoplasms
  A giant cockroach (D:1)
  14 goblins
  4 hobgoblins (D:3)
  3 jackals (D:3)
  6 kobolds
  2 quokkas (D:3)
  5 ball pythons
  3 bats
  8 frilled lizards
  6 rats
62 creatures vanquished.

Notes
Turn   | Place    | Note
-------+----------+-------------------------------------------
     0 | D:1      | qw the Spriggan Hunter began the quest for the Orb.
     0 | D:1      | Reached XP level 1. HP: 10/10 MP: 2/2
     0 | D:1      | 0 ||| qw: Version: 0.3-a-157-g843a77d
     0 | D:1      | 0 ||| qw: Game counter: 3890
     0 | D:1      | 0 ||| qw: Melee chars always use a shield: true
     0 | D:1      | 0 ||| qw: God list: Okawaru
     0 | D:1      | 0 ||| qw: Allow faded altars: false
     0 | D:1      | 0 ||| qw: Do Orc after clearing Dungeon:15 true
     0 | D:1      | 0 ||| qw: Do second Lair branch before Depths: true
     0 | D:1      | 0 ||| qw: Lair rune preference: random
     0 | D:1      | 0 ||| qw: Goals: Normal
     0 | D:1      | 0 ||| PLANNING D:1-11
    70 | D:1      | Reached skill level 3 in Dodging
   240 | D:1      | Reached XP level 2. HP: 14/14 MP: 3/3
   817 | D:1      | Found a faded altar of an unknown god.
   834 | D:1      | 834 ||| READING scroll labelled BILOTU KOYSAXA.
   835 | D:1      | 835 ||| READING scroll labelled XOPRUT POWUDIA.
   836 | D:1      | 836 ||| READING scroll labelled EXZIOGGOOD.
   937 | D:1      | 937 ||| DRINKING 2 red potions.
   938 | D:1      | 938 ||| DROPPING scroll of butterflies.
   939 | D:1      | 939 ||| DROPPING potion of attraction.
  1046 | D:2      | Found Onaix's Jewellery Shoppe.
  1049 | D:2      | 1049 ||| SHOPLISTING +6 ring of dexterity (360 gold, have
                  | 19).
  1049 | D:2      | 1049 ||| SHOPLISTING amulet of reflection (300 gold, have
                  | 19).
  1049 | D:2      | 1049 ||| SHOPLISTING amulet of the acrobat (300 gold, have
                  | 19).
  1049 | D:2      | 1049 ||| SHOPLISTING ring of fire (250 gold, have 19).
  1049 | D:2      | 1049 ||| SHOPLISTING ring of ice (250 gold, have 19).
  1049 | D:2      | 1049 ||| SHOPLISTING ring of poison resistance (200 gold,
                  | have 19).
  1049 | D:2      | 1049 ||| SHOPLISTING ring of willpower (250 gold, have 19).
  1076 | D:2      | Found Bufrau's Weapon Shop.
  1218 | D:2      | Found a blossoming altar of Fedhas.
  1219 | D:2      | Identified the +9 rapier of Dismemberment {venom, rElec rC-
                  | Will+ Dex+3}
  1314 | D:2      | HP: 3/14 [ribbon worm (8)]
  1525 | D:2      | Found Jittav's Magic Scroll Shop.
  1530 | D:2      | 1530 ||| SHOPLISTING scroll of enchant armour (90 gold,
                  | have 65).
  1530 | D:2      | 1530 ||| BUYING scroll of identify (24 gold).
  1530 | D:2      | Bought a scroll of identify for 24 gold pieces
  1539 | D:2      | Reached XP level 3. HP: 18/18 MP: 4/4
  1644 | D:2      | Found Larhuesoaw's Armour Shop.
  1647 | D:2      | 1647 ||| BUYING +0 cloak (45 gold).
  1647 | D:2      | Bought a +0 cloak for 45 gold pieces
  1647 | D:2      | 1647 ||| SHOPLISTING +2 steam dragon scales (520 gold, have
                  | 6).
  1715 | D:2      | 1715 ||| UPGRADING to +0 cloak.
  1720 | D:2      | 1720 ||| READING scroll of identify.
  1720 | D:2      | 1720 ||| IDENTIFYING sedimented red potion
  1721 | D:2      | 1721 ||| READING scroll labelled CYMEEBREIQI.
  1726 | D:2      | 1726 ||| READING scroll labelled BIELISCHUMAO.
  1728 | D:2      | 1728 ||| Stepping ~*~*~tactically~*~*~ (cloud).
  1735 | D:2      | HP: 4/18 [poisoned by you (poison gas)]
  2213 | D:3      | Identified the +0 chain mail of Incorporation {-Tele Dex+2
                  | Slay+2}
  2337 | D:3      | 2337 ||| FLEEEEING.
  2338 | D:3      | 2338 ||| FLEEEEING.
  2339 | D:3      | 2339 ||| FLEEEEING.
  2340 | D:3      | 2340 ||| FLEEEEING.
  2341 | D:3      | 2341 ||| FLEEEEING.
  2343 | D:3      | 2343 ||| FLEEEEING.
  2344 | D:3      | 2344 ||| FLEEEEING.
  2345 | D:3      | 2345 ||| FLEEEEING.
  2351 | D:3      | 2351 ||| FLEEEEING.
  2352 | D:3      | 2352 ||| FLEEEEING.
  2353 | D:3      | 2353 ||| FLEEEEING.
  2499 | D:3      | Noticed Robin
  2501 | D:3      | Reached XP level 4. HP: 22/22 MP: 5/5
  2512 | D:3      | HP: 2/22 [Robin/+0 club (4)]
  2513 | D:3      | 2513 ||| DRINKING potion of heal wounds.
  2522 | D:3      | Killed Robin
  2529 | D:3      | 2529 ||| FLEEEEING.
  2530 | D:3      | 2530 ||| FLEEEEING.
  2535 | D:3      | 2535 ||| FLEEEEING.
  2536 | D:3      | 2536 ||| FLEEEEING.
  2537 | D:3      | 2537 ||| FLEEEEING.
  2538 | D:3      | 2538 ||| FLEEEEING.
  2539 | D:3      | 2539 ||| FLEEEEING.
  2540 | D:3      | 2540 ||| FLEEEEING.
  2541 | D:3      | 2541 ||| FLEEEEING.
  2542 | D:3      | 2542 ||| FLEEEEING.
  2543 | D:3      | 2543 ||| FLEEEEING.
  2544 | D:3      | 2544 ||| FLEEEEING.
  2545 | D:3      | 2545 ||| FLEEEEING.
  2546 | D:3      | 2546 ||| FLEEEEING.
  2547 | D:3      | 2547 ||| FLEEEEING.
  2548 | D:3      | 2548 ||| FLEEEEING.
  2549 | D:3      | 2549 ||| FLEEEEING.
  2554 | D:3      | 2554 ||| FLEEEEING.
  2556 | D:3      | 2556 ||| FLEEEEING.
  2557 | D:3      | 2557 ||| FLEEEEING.
  2558 | D:3      | 2558 ||| FLEEEEING.
  2664 | D:3      | 2664 ||| READING scroll of identify.
  2664 | D:3      | 2664 ||| IDENTIFYING sedimented emerald potion
  2665 | D:3      | 2665 ||| READING scroll labelled YPPAEM XEKAIM.
  2665 | D:3      | 2665 ||| ENCHANTING +0 cloak.
  2666 | D:3      | 2666 ||| DROPPING potion of lignification.
  2768 | D:4      | Found a staircase to the Ecumenical Temple.
  2769 | D:4      | 2769 ||| PLANNING TEMPLE
  2769 | D:4      | 2769 ||| UPGRADING to ring of poison resistance.
  2776 | Temple   | Entered the Ecumenical Temple
  2777 | Temple   | 2777 ||| PLANNING D:1-11
  2802 | D:4      | Noticed a scorpion
  2815 | D:4      | HP: 5/22 [scorpion (1)]
  2817 | D:4      | HP: 2/22 [poisoned by a scorpion]
  2819 | D:4      | Slain by a scorpion

Levels and vault maps discovered:
D:1:      psy_arrival_whirlpool, layout_basic, basic_ecumenical_altar,
          hangedman_decor_growths
D:2:      minmay_door_path, layout_loops_ring, serial_shops, shop,
          nicolae_shop_real_fake_doors, shop_statue,
          nicolae_shop_window_shopping, basic_altar
D:3:      layout_loops_ring, kennysheep_generic_room_11, uniq_robin
D:4:      layout_rooms, nicolae_overflow_two_pavilions, temple_green,
          serial_bayou, serial_bayou_pond_c, serial_bayou_pond_b,
          serial_bayou_crossing, serial_bayou_lake_a, serial_bayou_pond_b
Temple:   nicolae_temple_ecumenical_triangle

Skill      XL: |  1  2  3  4 |
---------------+-------------+-----
Dodging        | 3 4 5 |  5.0
Ranged Weapons | 5 |  5.0
Fighting       | |  1.5
Stealth        | |  1.5

Action                     |  1- 3 |  4- 6 || total
---------------------------+-------+-------++-------
   Fire: Shortbow          |   140 |    56 ||   196
    Use: Scroll            |     6 |     2 ||     8
         Potion            |     1 |     1 ||     2
 Armour: Robe              |    13 |    23 ||    36
  Dodge: Dodged            |    42 |    25 ||    67

Table legend:
 A = Non-vault XP
 B = Vault XP
 C = Vault XP percentage of total XP
 D = Non-vault monster count
 E = Vault monster count
 F = Vault count percentage of total count
                 A         B        C        D         E       F
            +---------+---------+-------+---------+---------+-------
      Total |      96 |      46 |  32.4 |      45 |      17 |  27.4
            +---------+---------+-------+---------+---------+-------
        D:1 |      24 |       0 |   0.0 |      17 |       0 |   0.0
        D:2 |      11 |       7 |  38.9 |       9 |       3 |  25.0
        D:3 |      44 |      35 |  44.3 |      16 |      12 |  42.9
        D:4 |      17 |       4 |  19.0 |       3 |       2 |  40.0
            +---------+---------+-------+---------+---------+-------
